[ PARTIDA AOE2 · #472430660 ]
UnrankedMalayos vs Celts
Equipo del jugador · DERR
Equipo rival · VICT
[ ANÁLISIS DE REPETICIÓN · EXTRAÍDO DE LA PARTIDA GRABADA ]
Feudal
9:14
Castillos
20:55
Imperial
43:26
| APM promedio | 65.1 |
| APM pico | 88 |
| eAPM promedio | 32.5 |
| Aldeanos / militares | 173 / 246 |
Foco
⚔️ 45.0% · 🌾 55.0%
Archer ×170 · Scout Cavalry ×44 · Battle Elephant ×10 · Mangonel ×6 · Skirmisher ×5 · Militia ×4
Feudal
8:53
Castillos
20:54
Imperial
41:45
| APM promedio | 79.4 |
| APM pico | 144 |
| eAPM promedio | 45.2 |
| Aldeanos / militares | 261 / 197 |
Foco
⚔️ 37.7% · 🌾 62.3%
Archer ×103 · Woad Raider ×61 · Mangonel ×14 · Skirmisher ×9 · Monk ×6 · Trebuchet (Packed) ×3
Mapa de la partida
Recursos iniciales + cada clic de construcción. Líneas = muros · curvas = relieve. ◆ oro · ⬟ piedra · ● bayas · ✦ reliquia · ◌ hueco del cierre
Tu base· ✓ Cerrada en 20:55 · 46t muro · sin puerta
Base de маслинный мусульман· Abierta — el rival se encerró
Terreno inicial suavizado · ◌ = hueco del cierre detectado · pasá el cursor para detalles
Inputs por minuto
— NPG Dkastro - - маслинный мусульман
Build order — NPG Dkastro
Primeras 150 de 650 acciones detectadas
| 0:00 | Crear | Villager (Male) |
| 0:01 | Crear | Villager (Male) |
| 0:01 | Construir | House |
| 0:02 | Construir | House |
| 0:09 | Crear | Villager (Male) |
| 0:13 | Crear | Villager (Male) |
| 0:13 | Crear | Villager (Male) |
| 1:26 | Crear | Villager (Male) |
| 1:26 | Crear | Villager (Male) |
| 1:56 | Crear | Villager (Male) |
| 1:57 | Crear | Villager (Male) |
| 1:59 | Construir | Lumber Camp |
| 2:12 | Crear | Villager (Male) |
| 2:13 | Crear | Villager (Male) |
| 2:43 | Crear | Villager (Male) |
| 2:59 | Crear | Villager (Male) |
| 2:59 | Crear | Villager (Male) |
| 3:28 | Crear | Villager (Male) |
| 3:28 | Crear | Villager (Male) |
| 3:53 | Construir | House |
| 3:55 | Construir | House |
| 3:58 | Crear | Villager (Male) |
| 3:58 | Crear | Villager (Male) |
| 4:22 | Construir | Mill |
| 4:27 | Crear | Villager (Male) |
| 4:27 | Crear | Villager (Male) |
| 5:09 | Crear | Villager (Male) |
| 5:09 | Crear | Villager (Male) |
| 5:34 | Crear | Villager (Male) |
| 5:34 | Crear | Villager (Male) |
| 5:34 | Crear | Villager (Male) |
| 5:46 | Crear | Villager (Male) |
| 5:47 | Crear | Villager (Male) |
| 6:05 | Construir | House |
| 6:24 | Investigar | Loom |
| 6:39 | Construir | Barracks |
| 6:44 | Crear | Villager (Male) |
| 7:09 | Crear | Villager (Male) |
| 7:31 | Construir | House |
| 7:39 | Investigar | Feudal Age |
| 8:01 | Construir | Palisade Wall |
| 8:15 | Crear | Militia |
| 8:15 | Crear | Militia |
| 8:33 | Crear | Militia |
| 8:49 | Construir | Mining Camp |
| 9:14 | Edad | Edad Feudal |
| 9:29 | Crear | Villager (Male) |
| 9:44 | Crear | Villager (Male) |
| 9:50 | Construir | Archery Range |
| 9:52 | Investigar | Double-Bit Axe |
| 9:52 | Investigar | Double-Bit Axe |
| 10:02 | Investigar | Man-at-Arms (upgrade) |
| 10:02 | Investigar | Man-at-Arms (upgrade) |
| 10:12 | Construir | House |
| 10:25 | Construir | Farm |
| 10:31 | Crear | Villager (Male) |
| 10:32 | Crear | Villager (Male) |
| 10:43 | Construir | Farm |
| 10:53 | Construir | House |
| 10:56 | Crear | Skirmisher |
| 11:17 | Crear | Villager (Male) |
| 11:18 | Construir | Farm |
| 11:19 | Construir | Farm |
| 11:21 | Crear | Archer |
| 11:33 | Construir | Palisade Wall |
| 11:36 | Crear | Skirmisher |
| 11:43 | Crear | Villager (Male) |
| 11:44 | Construir | Farm |
| 11:50 | Construir | Palisade Wall |
| 12:02 | Crear | Skirmisher |
| 12:10 | Crear | Villager (Male) |
| 12:14 | Construir | Farm |
| 12:33 | Crear | Villager (Male) |
| 12:34 | Construir | House |
| 12:40 | Crear | Skirmisher |
| 12:53 | Crear | Villager (Male) |
| 12:56 | Construir | Farm |
| 13:04 | Construir | House |
| 13:13 | Construir | Palisade Wall |
| 13:16 | Crear | Skirmisher |
| 13:21 | Crear | Villager (Male) |
| 13:50 | Crear | Villager (Male) |
| 13:55 | Construir | Blacksmith |
| 14:01 | Crear | Archer |
| 14:08 | Crear | Villager (Male) |
| 14:10 | Construir | Farm |
| 14:16 | Crear | Archer |
| 14:36 | Crear | Villager (Male) |
| 14:41 | Construir | Lumber Camp |
| 14:47 | Crear | Archer |
| 14:49 | Crear | Villager (Male) |
| 14:57 | Crear | Villager (Male) |
| 14:58 | Crear | Archer |
| 15:01 | Construir | Farm |
| 15:05 | Crear | Archer |
| 15:13 | Construir | Farm |
| 15:14 | Crear | Villager (Male) |
| 15:21 | Crear | Villager (Male) |
| 15:28 | Construir | Palisade Wall |
| 15:29 | Construir | Palisade Wall |
| 15:34 | Crear | Villager (Male) |
| 15:37 | Investigar | Fletching |
| 15:42 | Crear | Archer |
| 15:51 | Crear | Villager (Male) |
| 16:02 | Construir | Farm |
| 16:04 | Construir | Farm |
| 16:05 | Construir | Farm |
| 16:10 | Crear | Archer |
| 16:12 | Construir | Farm |
| 16:15 | Crear | Villager (Male) |
| 16:18 | Construir | House |
| 16:35 | Crear | Archer |
| 16:36 | Crear | Villager (Male) |
| 16:44 | Crear | Villager (Male) |
| 16:51 | Crear | Archer |
| 16:54 | Crear | Villager (Male) |
| 16:56 | Construir | Farm |
| 16:57 | Construir | Farm |
| 17:01 | Construir | Farm |
| 17:29 | Crear | Villager (Male) |
| 17:32 | Construir | House |
| 17:36 | Crear | Archer |
| 17:44 | Construir | Farm |
| 17:44 | Construir | Farm |
| 17:48 | Construir | Farm |
| 17:51 | Crear | Archer |
| 17:55 | Crear | Villager (Male) |
| 17:56 | Construir | Farm |
| 18:00 | Crear | Villager (Male) |
| 18:06 | Crear | Archer |
| 18:17 | Crear | Archer |
| 18:29 | Construir | Archery Range |
| 18:29 | Crear | Villager (Male) |
| 18:39 | Crear | Villager (Male) |
| 18:42 | Construir | Farm |
| 18:53 | Construir | Farm |
| 18:58 | Crear | Archer |
| 19:19 | Investigar | Castle Age |
| 19:22 | Crear | Archer |
| 19:28 | Crear | Archer |
| 19:28 | Crear | Archer |
| 19:33 | Construir | Farm |
| 19:36 | Investigar | Horse Collar |
| 19:45 | Construir | House |
| 19:54 | Crear | Archer |
| 20:01 | Investigar | Gold Mining |
| 20:06 | Crear | Archer |
| 20:19 | Construir | House |
| 20:22 | Crear | Archer |
| 20:33 | Crear | Archer |
Build order — маслинный мусульман
Primeras 150 de 716 acciones detectadas
| 0:00 | Crear | Villager (Male) |
| 0:00 | Crear | Villager (Male) |
| 0:00 | Crear | Villager (Male) |
| 0:01 | Crear | Villager (Male) |
| 0:02 | Construir | House |
| 0:03 | Construir | House |
| 1:23 | Crear | Villager (Male) |
| 1:23 | Crear | Villager (Male) |
| 1:58 | Crear | Villager (Male) |
| 1:58 | Crear | Villager (Male) |
| 2:16 | Construir | Lumber Camp |
| 2:18 | Crear | Villager (Male) |
| 2:19 | Crear | Villager (Male) |
| 2:45 | Crear | Villager (Male) |
| 2:46 | Crear | Villager (Male) |
| 3:01 | Crear | Villager (Male) |
| 3:01 | Crear | Villager (Male) |
| 3:30 | Crear | Villager (Male) |
| 3:53 | Construir | House |
| 4:04 | Crear | Villager (Male) |
| 4:14 | Crear | Villager (Male) |
| 4:26 | Crear | Villager (Male) |
| 4:26 | Crear | Villager (Male) |
| 4:32 | Construir | Mill |
| 5:19 | Crear | Villager (Male) |
| 5:19 | Crear | Villager (Male) |
| 5:33 | Crear | Villager (Male) |
| 5:34 | Investigar | Loom |
| 5:34 | Investigar | Loom |
| 6:15 | Construir | Lumber Camp |
| 6:43 | Investigar | Feudal Age |
| 6:43 | Investigar | Feudal Age |
| 7:18 | Construir | House |
| 7:32 | Crear | Villager (Male) |
| 7:50 | Construir | Barracks |
| 7:52 | Construir | Palisade Wall |
| 8:27 | Crear | Villager (Male) |
| 8:52 | Construir | House |
| 8:53 | Edad | Edad Feudal |
| 8:57 | Construir | Archery Range |
| 9:01 | Construir | Palisade Wall |
| 9:11 | Crear | Villager (Male) |
| 9:15 | Investigar | Double-Bit Axe |
| 9:20 | Crear | Villager (Male) |
| 9:42 | Crear | Archer |
| 9:42 | Crear | Archer |
| 9:45 | Crear | Villager (Male) |
| 9:48 | Construir | Palisade Wall |
| 9:56 | Crear | Villager (Male) |
| 10:18 | Crear | Villager (Male) |
| 10:18 | Crear | Villager (Male) |
| 10:35 | Construir | Palisade Wall |
| 10:40 | Construir | Mining Camp |
| 10:41 | Crear | Villager (Male) |
| 10:41 | Crear | Villager (Male) |
| 10:56 | Crear | Skirmisher |
| 11:02 | Construir | Palisade Wall |
| 11:04 | Construir | House |
| 11:06 | Construir | Palisade Wall |
| 11:13 | Crear | Villager (Male) |
| 11:21 | Construir | House |
| 11:23 | Crear | Villager (Male) |
| 11:26 | Construir | Palisade Wall |
| 11:28 | Construir | Palisade Wall |
| 11:34 | Construir | House |
| 11:34 | Crear | Archer |
| 11:46 | Crear | Villager (Male) |
| 11:47 | Construir | Farm |
| 11:49 | Investigar | Horse Collar |
| 11:53 | Crear | Villager (Male) |
| 12:07 | Construir | Farm |
| 12:16 | Crear | Skirmisher |
| 12:18 | Crear | Villager (Male) |
| 12:28 | Construir | Farm |
| 12:30 | Crear | Archer |
| 12:31 | Crear | Villager (Male) |
| 12:46 | Construir | House |
| 12:49 | Construir | Farm |
| 12:56 | Crear | Archer |
| 13:11 | Crear | Villager (Male) |
| 13:16 | Construir | Blacksmith |
| 13:32 | Construir | Farm |
| 13:39 | Crear | Skirmisher |
| 13:48 | Construir | Farm |
| 14:07 | Construir | House |
| 14:08 | Investigar | Fletching |
| 14:09 | Crear | Archer |
| 14:10 | Crear | Skirmisher |
| 14:15 | Crear | Villager (Male) |
| 14:23 | Construir | Palisade Wall |
| 14:26 | Construir | Farm |
| 14:31 | Construir | Farm |
| 14:35 | Construir | Farm |
| 14:39 | Crear | Archer |
| 14:46 | Crear | Villager (Male) |
| 14:46 | Crear | Villager (Male) |
| 14:50 | Construir | Farm |
| 15:00 | Construir | House |
| 15:09 | Crear | Archer |
| 15:10 | Crear | Villager (Male) |
| 15:16 | Construir | Farm |
| 15:17 | Construir | Farm |
| 15:18 | Construir | Farm |
| 15:27 | Construir | House |
| 15:29 | Construir | Palisade Wall |
| 15:37 | Crear | Villager (Male) |
| 15:37 | Crear | Villager (Male) |
| 15:46 | Construir | House |
| 16:02 | Construir | Farm |
| 16:02 | Crear | Archer |
| 16:03 | Crear | Archer |
| 16:16 | Construir | Farm |
| 16:20 | Crear | Archer |
| 16:34 | Construir | Farm |
| 16:36 | Crear | Villager (Male) |
| 16:52 | Investigar | Wheelbarrow |
| 16:58 | Construir | Farm |
| 17:31 | Crear | Archer |
| 17:48 | Construir | Market |
| 18:14 | Investigar | Castle Age |
| 18:14 | Investigar | Castle Age |
| 18:27 | Construir | House |
| 18:29 | Construir | House |
| 18:41 | Crear | Archer |
| 19:00 | Crear | Archer |
| 19:00 | Crear | Archer |
| 19:01 | Investigar | Padded Archer Armor |
| 19:02 | Investigar | Gold Mining |
| 19:18 | Construir | House |
| 19:22 | Construir | Archery Range |
| 19:25 | Crear | Archer |
| 19:31 | Crear | Villager (Male) |
| 19:43 | Crear | Archer |
| 19:43 | Crear | Archer |
| 20:02 | Construir | House |
| 20:28 | Crear | Skirmisher |
| 20:28 | Crear | Skirmisher |
| 20:31 | Construir | Palisade Wall |
| 20:35 | Construir | Watch Tower |
| 20:37 | Crear | Villager (Male) |
| 20:37 | Crear | Villager (Male) |
| 20:38 | Crear | Villager (Male) |
| 20:40 | Crear | Skirmisher |
| 20:50 | Construir | Lumber Camp |
| 20:53 | Crear | Skirmisher |
| 20:53 | Crear | Skirmisher |
| 20:54 | Edad | Edad de los Castillos |
| 20:59 | Construir | Lumber Camp |
| 21:06 | Construir | Palisade Wall |
| 21:09 | Investigar | Bodkin Arrow |
Cronología de la partida
| 6:39 | NPG Dkastro · first_building Barracks |
| 7:50 | маслинный мусульман · first_building Barracks |
| 7:52 | маслинный мусульман · wall_segment Palisade Wall x7 |
| 8:01 | NPG Dkastro · wall_segment Palisade Wall x9 |
| 8:53 | маслинный мусульман · age_up feudal |
| 8:57 | маслинный мусульман · first_building Archery Range |
| 9:01 | маслинный мусульман · wall_segment Palisade Wall x10 |
| 9:14 | NPG Dkastro · age_up feudal |
| 9:48 | маслинный мусульман · wall_segment Palisade Wall x13 |
| 9:50 | NPG Dkastro · first_building Archery Range |
| 10:35 | маслинный мусульман · wall_segment Palisade Wall x12 |
| 11:02 | маслинный мусульман · wall_segment Palisade Wall x1 |
| 11:06 | маслинный мусульман · wall_segment Palisade Wall x1 |
| 11:26 | маслинный мусульман · wall_segment Palisade Wall x1 |
| 11:28 | маслинный мусульман · wall_segment Palisade Wall x1 |
| 11:33 | NPG Dkastro · wall_segment Palisade Wall x4 |
| 11:50 | NPG Dkastro · wall_segment Palisade Wall x5 |
| 13:13 | NPG Dkastro · wall_segment Palisade Wall x11 |
| 14:23 | маслинный мусульман · wall_segment Palisade Wall x4 |
| 15:28 | NPG Dkastro · wall_segment Palisade Wall x16 |
| 15:29 | NPG Dkastro · wall_segment Palisade Wall x1 |
| 15:29 | маслинный мусульман · wall_segment Palisade Wall x1 |
| 20:31 | маслинный мусульман · wall_segment Palisade Wall x6 |
| 20:54 | маслинный мусульман · age_up castle |
| 20:55 | NPG Dkastro · age_up castle |
| 21:06 | маслинный мусульман · wall_segment Palisade Wall x2 |
| 21:14 | маслинный мусульман · first_building Siege Workshop |
| 21:26 | маслинный мусульман · wall_segment Palisade Wall x5 |
| 22:02 | маслинный мусульман · first_market_sell 100 food |
| 22:10 | маслинный мусульман · wall_segment Palisade Wall x1 |
| 24:03 | NPG Dkastro · first_building Siege Workshop |
| 25:17 | маслинный мусульман · first_market_buy 100 wood |
| 27:31 | NPG Dkastro · first_building Stable |
| 32:03 | маслинный мусульман · first_building Castle |
| 33:19 | маслинный мусульман · first_building Monastery |
| 35:56 | маслинный мусульман · wall_segment Palisade Wall x8 |
| 37:40 | NPG Dkastro · first_market_buy 100 stone |
| 37:44 | NPG Dkastro · first_building Castle |
| 41:37 | NPG Dkastro · first_building Monastery |
| 41:45 | маслинный мусульман · age_up imperial |
| 42:42 | NPG Dkastro · first_market_sell 100 food |
| 43:26 | NPG Dkastro · age_up imperial |
| 47:48 | NPG Dkastro · resign |
[ ANÁLISIS IA · 1 CRÉDITO ]
¿Qué pasó realmente en esta partida?
Wolo.gg analiza cada decisión: build order, eco, micro, errores típicos por bracket. Análisis personalizado por WhatsApp o Discord en 30 segundos.
Guía civ
Malayos
Perfil
Jugador #5682314